 Dungeon Crawl Stone Soup version 0.30-a0-122-g2a1322497e (webtiles) character file.

Game seed: 7262048107489338702

18 GandalfHyperdrive the Digger (level 2, -1/15 HPs)
             Began as a Gargoyle Earth Elementalist on Sept 17, 2022.
             Frozen to death by an endoplasm (5 damage)
             ... on level 1 of the Dungeon.
             The game lasted 00:04:11 (1147 turns).

GandalfHyperdrive the Digger (GrEE)                 Turns: 1147, Time: 00:04:16

Health: -1/15      AC:  5    Str: 11    XL:     2   Next: 66%
Magic:  5/5        EV: 11    Int: 15    God:
Gold:   102        SH:  0    Dex: 10    Spells: 5/6 levels left

rFire   . . .      SeeInvis .    e - +0 mace
rCold   . . .      Faith    .    (no shield)
rNeg    + . .      Spirit   .    a - +0 robe
rPois   ∞          Reflect  .    (no helmet)
rElec   +          Harm     .    (no cloak)
rCorr   .          Rampage  .    (no gloves)
Will    .....                    h - +0 pair of boots
Stlth   ++........               (no amulet)
HPRegen 0.05/turn                (no ring)
MPRegen 0.09/turn                (no ring)

@: no status effects
A: sickness immunity, AC +2, negative energy resistance 1, electricity
resistance, torment resistance 1, petrification resistance
a: no special abilities


You were on level 1 of the Dungeon.
You visited 1 branch of the dungeon, and saw 1 of its levels.

You collected 102 gold pieces.

Inventory:

Hand Weapons
 e - a +0 mace (weapon)
Missiles
 d - 4 stones
Armour
 a - a +0 robe (worn)
 h - a +0 pair of boots (worn)
Magical Staves
 g - a staff of cold
Scrolls
 f - a scroll of amnesia {unknown}
Potions
 b - a potion of magic
 c - 2 potions of curing {unknown}


   Skills:
 - Level 1.5 Dodging
 - Level 2.1 Stealth
 + Level 2.5 Spellcasting
 - Level 0.7 Transmutations
 + Level 4.2 Earth Magic


You had 5 spell levels left.
You knew the following spells:

 Your Spells              Type           Power      Damage    Failure   Level
a - Sandblast             Erth           28%        2d8       3%          1

Your spell library contained the following spells:

 Spells                   Type           Power      Damage    Failure   Level
 Passwall                 Tmut/Erth      7%         N/A       12%         2
 Stone Arrow              Conj/Erth      16%        3d8       26%         3
 Petrify                  Tmut/Erth      9%         N/A       58%         4


Dungeon Overview and Level Annotations

Branches:
Dungeon (1/15)

Altars:


Innate Abilities, Weirdness & Mutations

You are immune to sickness and miasma.
Your stone body is resilient. (AC +2)
You are immune to poison.
You resist negative energy. (rN+)
You are resistant to electric shocks. (rElec)
You are resistant to unholy torment.
You are immune to petrification.


Message History

The ball python bites you but does no damage.
The ball python grabs you. The ball python constricts you.
The ball python barely misses you. The ball python constricts you.
You hit the ball python.
The ball python is moderately wounded.
The ball python closely misses you. The ball python constricts you.
You hit the ball python.
You kill the ball python!
You see here a ball python corpse.
Found 46 gold pieces.
You see here a +0 pair of boots.
h - a +0 pair of boots You start putting on your armour.
You continue putting on your +0 pair of boots. x4
You finish putting on your +0 pair of boots.
You now have 72 gold pieces (gained 16).
You now have 83 gold pieces (gained 11).
Found a scroll labelled QAQOYD TAYRE.
You now have 97 gold pieces (gained 14).
You now have 102 gold pieces (gained 5).
There is a fountain of sparkling water here.
There are no items here.
Unknown command.
There is a fountain of sparkling water here.
An endoplasm comes into view.
The endoplasm quivers.
A rat comes into view.
You see here a scroll labelled QAQOYD TAYRE.
The endoplasm freezes you.
You are frozen.
The endoplasm freezes you.
You are frozen.
You hit the endoplasm.
The endoplasm is heavily wounded.
The endoplasm freezes you.
You are frozen.
* * * LOW HITPOINT WARNING * * *
The endoplasm freezes you.
You are frozen.
You die...

#.###..##.###.......###.##..##.#
# #.###.# ##.....## #........#
###.#...# ##...## #####.####
#.......# ##+## #.# #.#.....# .#
#.# #.#.#..⌠..# .# #.#
#.........######.## #.#
###..........?....## #.#
#.#####..###J@...# .# #.
##.##........# # #.##.##.......
..... ..##r## #.##. ..# # #.##.
.## #.... .. ##


You could see an endoplasm and a rat (asleep).

Vanquished Creatures
  2 ball pythons (D:1)
  A giant cockroach (D:1)
  3 goblins (D:1)
  A hobgoblin (D:1)
  4 jackals (D:1)
  A bat (D:1)
  A frilled lizard (D:1)
  2 kobolds (D:1)
  A rat (D:1)
16 creatures vanquished.

Notes
Turn   | Place    | Note
-------+----------+-------------------------------------------
     0 | D:1      | GandalfHyperdrive the Gargoyle Earth Elementalist began the
                  | quest for the Orb.
     0 | D:1      | Reached XP level 1. HP: 10/10 MP: 3/3
   371 | D:1      | Reached XP level 2. HP: 4/15 MP: 5/5
   693 | D:1      | Reached skill level 4 in Earth Magic
  1147 | D:1      | Frozen to death by an endoplasm

Illustrated notes

Levels and vault maps discovered:
D:1:      heliophobic_arrival_glass_houses, layout_loops_corners,
          grunt_decor_fettered, dreamdust_wishing_well

Skill      XL: |  1  2 |
---------------+-------+-----
Earth Magic    | 4 |  4.2
Dodging        | |  1.5
Stealth        | |  2.1
Spellcasting   | |  2.5
Transmutations | |  0.7

Action                   || total
-------------------------++-------
Melee: Mace              ||    39
       Punch             ||     1
 Cast: Sandblast         ||     9
Armor: Robe              ||    19
Dodge: Dodged            ||    39

Table legend: (Time is in decaauts)
 A = Elapsed time spent in this place.
 B = Non-inter-level travel time spent in this place.
 C = Inter-level travel time spent in this place.
 D = Time resting spent in this place.
 E = Time spent auto-exploring this place.
 F = Levels seen in this place.
 G = Mean time per level.
                   A        B        C        D        E       F      G
               +--------+--------+--------+--------+--------+-----+--------+
         Total |   1165 |   1165 |      0 |    537 |    398 |   1 | 1165.0 |
       Dungeon |   1165 |   1165 |      0 |    537 |    398 |   1 | 1165.0 |
               +--------+--------+--------+--------+--------+-----+--------+

Top non-repeatable levels by time:
     D:1: 1165 daAuts
